 Dungeon Crawl Stone Soup version 0.19.0-2-gae57169 (webtiles) character file.

195 Exaltedone87 the Skirmisher (level 5, -6/48 HPs)
             Began as a Draconian Berserker on Nov 5, 2016.
             Was a Believer of Trog.
             Killed by divine providence
             ... invoked by an orc priest
              (15 damage)
             ... on level 4 of the Dungeon.
             The game lasted 00:08:12 (2317 turns).

Exaltedone87 the Skirmisher (Draconian Berserker)   Turns: 2317, Time: 00:08:14

Health: -6/48      AC:  8    Str: 20    XL:     5   Next: 45%
Magic:  5/5        EV: 13    Int:  8    God:    Trog [**....]
Gold:   210        SH:  0    Dex: 10    Spells: 0 memorised, 4 levels left

rFire  . . .     SeeInvis +     j - +1 hand axe (chop)
rCold  . . .     Gourm    .     (armour unavailable)
rNeg   . . .     Faith    .     (no shield)
rPois  .         Spirit   .     (helmet restricted)
rElec  .         Reflect  .     (no cloak)
rCorr  .         Harm     .     k - +1 pair of gloves
MR     ++...                    m - +0 pair of boots
Stlth  +.........               (no amulet)
                                (no ring)
                                h - ring of see invisible

@: regenerating
A: unfitting armour, cold-blooded, AC +5
a: Berserk, Trog's Hand, Burn Spellbooks, Renounce Religion


You were on level 4 of the Dungeon.
You worshipped Trog.
Trog was pleased with you.
You were hungry.

You visited 1 branch of the dungeon, and saw 4 of its levels.

You collected 210 gold pieces.

Inventory:

Hand Weapons
 a - a +0 hand axe
 j - a +1 hand axe of chopping (weapon)
Missiles
 l - 2 throwing nets (quivered)
Armour
 k - a +1 pair of gloves (worn)
 m - a +0 pair of boots (worn)
Jewellery
 e - a cursed -3 ring of intelligence {unknown}
 g - a cursed ring of loudness {unknown}
 h - a ring of see invisible (left hand)
Wands
 p - a wand of paralysis (7/24)
Scrolls
 c - 2 scrolls of remove curse
 n - a scroll of identify
 s - a scroll of teleportation
Potions
 f - a potion of ambrosia
 o - a potion of flight {unknown}
 q - a potion of resistance
Comestibles
 b - 3 bread rations
 d - a meat ration
 i - a slice of pizza
 r - a beef jerky


   Skills:
 * Level 5.0 Fighting
 + Level 4.2 Axes
 + Level 3.7 Dodging


You had 4 spell levels left.
You didn't know any spells.

Dungeon Overview and Level Annotations

Branches:
Dungeon (4/15)
 Temple: D:4-7

Altars:
Cheibriados


Innate Abilities, Weirdness & Mutations

Your plain brown scales are hard. (AC +5)
You cannot fit into any form of body armour.
You are cold-blooded and may be slowed by cold attacks.


Message History

You hit the worker ant but do no damage.
You hit the worker ant.
The jackal bites you but does no damage.
The worker ant bites you.
* * * LOW HITPOINT WARNING * * *
The jackal bites you but does no damage.
The orc priest closely misses you. The worker ant misses you.
The jackal bites you but does no damage.
The worker ant misses you.
You are feeling hungry.
The jackal misses you. The jackal barely misses you.
The worker ant bites you but does no damage.
The jackal bites you but does no damage.
You hit the jackal.
You kill the jackal!
Trog accepts your kill.
You hit the worker ant.
The orc priest invokes the aid of Beogh against you.
Beogh smites you!
You die...

#......# # #......# #.
#......# ####$#####
#......# .........#
#......# .........#
#......# ....[....#
#......#
.......o.#####......#
......).h@..........#
.......oa#...#......####
.:....)†a#.#.#...........
.........#.#.#.#.########
.........#.#.#.#.#
.........#.#.#.#.#
..#......#.#.#.#.#######
# #.####.#.#.#.#.......#
#. ...#.#.........#


You could see 2 worker ants, an orc priest, an orc and a jackal.

Vanquished Creatures
  A hound (D:4)
  An orc priest (D:4)
  Ijyb (D:3)
  3 adders
  An ooze (D:1)
  An adder skeleton (D:4)
  3 worms
  A dart slug (D:1)
  3 leopard geckos
  2 orcs
  7 bats
  2 giant cockroaches
  6 goblins
  4 hobgoblins
  3 jackals (D:4)
  6 kobolds
  A quokka (D:3)
  4 ball pythons
  3 frilled lizards
  8 rats
61 creatures vanquished.

Notes
Turn   | Place    | Note
-------+----------+-------------------------------------------
     0 | D:1      | Exaltedone87 the Draconian Berserker began the quest for the Orb.
     0 | D:1      | Reached XP level 1. HP: 19/19 MP: 1/1
    51 | D:1      | Found a snail-covered altar of Cheibriados.
   204 | D:1      | Reached XP level 2. HP: 22/26 MP: 2/2
  1051 | D:2      | Reached XP level 3. HP: 30/33 MP: 3/3
  1135 | D:2      | Reached ** piety under Trog
  1234 | D:2      | Reached skill level 4 in Fighting
  1646 | D:3      | Reached XP level 4. HP: 40/40 MP: 4/4
  1778 | D:3      | Noticed Ijyb
  1786 | D:3      | Paralysed by Ijyb for 3 turns
  1798 | D:3      | Killed Ijyb
  2265 | D:4      | Reached XP level 5. HP: 29/47 MP: 5/5
  2311 | D:4      | Reached skill level 5 in Fighting
  2317 | D:4      | Killed from afar by an orc priest

Skill      XL: |  1  2  3  4  5 |
---------------+----------------+-----
Dodging        | 3 |  3.7
Fighting       | 4 5 |  5.0
Axes           | 4 |  4.2

Action                   |  1- 3 |  4- 6 || total
-------------------------+-------+-------++-------
Melee: Hand axe          |   112 |    71 ||   183
       Tailslap          |    20 |     9 ||    29
Invok: Trog's Hand       |       |     1 ||     1
  Use: Scroll            |     7 |     1 ||     8
       Potion            |     3 |     2 ||     5
 Stab: Sleeping          |       |     1 ||     1
  Eat: Bread ration      |     1 |       ||     1
Armor: Skin              |    40 |    31 ||    71
Dodge: Dodged            |    75 |    67 ||   142
